 Dungeon Crawl Stone Soup version 0.32-a0-705-g60f233581c (webtiles) character file.

Game seed: 7335306560737559626

1787196 MagicSucks the Slayer (level 27, 308/315 HPs)
             Began as a Naga Berserker on Mar 14, 2024.
             Was the Champion of Trog.
             Escaped with the Orb
             ... and 3 runes!
             The game lasted 01:33:20 (63587 turns).

MagicSucks the Slayer (Naga Berserker)             Turns: 63587, Time: 01:33:21

Health: 308/315    AC: 56    Str: 34    XL:     27
Magic:  7/7        EV: 12    Int:  1    God:    Trog [******]
Gold:   3469       SH: 12    Dex:  8    Spells: 26/26 levels left

rFire   + + +        b - +8 broad axe (antimagic)
rCold   + + +        S - +1 kite shield {rF+}
rNeg    + + +        R - +5 crystal plate armour {rC+}
rPois   +            Y - +1 helmet "Esittiy" {^Drain rN+++ Str+3}
rElec   +            O - +1 cloak of Starlight {*Dazzle EV+4 Stlth--}
rCorr   +            C - +1 pair of gloves "Geydeym" {rPois rC+}
SInv    +            N - +0 barding of Infinity {rF++}
Will    +++++        P - necklace of Bloodlust {Fury *Rage Will++ Int-3 Slay+6} Stlth
                     r - ring of the Octopus King {rCorr HP+2 AC+2 EV+2 SH+2}
HPRegen 0.72/turn    U - ring "Xaku" {rElec rPois rC+ Int-5 Dex-2}
MPRegen 0.10/turn

%: random rage (50%)
@: hasted, studying Long Blades, quick
A: AC +9, large, see invisible, deformed body, poison resistance, slowness 2,
spit poison 1, naga tail 2, iridescent scales 1, clumsy 1, mutation resistance
1, robust 1, screaming 1, inability to read after injury 1
0: Orb of Zot
}: 3/15 runes: decaying, silver, gossamer
a: Spit Poison, Renounce Religion, Berserk, Trog's Hand, Brothers in Arms


You escaped.
You worshipped Trog.
Trog was exalted by your worship.
You visited 9 branches of the dungeon, and saw 47 of its levels.
You visited the Abyss 1 time.
You visited 1 bazaar.
You also visited: Bailey, Gauntlet, Ice Cave and Volcano.

You collected 7567 gold pieces.
You spent 4098 gold pieces at shops.

Inventory:

Hand Weapons
 a - a +9 vampiric broad axe
 b - a +8 antimagic broad axe (weapon)
 s - a +3 broad axe of flaming
Missiles
 y - 10 throwing nets
Armour
 e - +0 gold dragon scales
 C - the +1 pair of gloves "Geydeym" (worn) {rPois rC+}
   (You bought it in a shop on level 2 of the Orcish Mines)

   rC+:       It protects you from cold.
   rPois:     It protects you from poison.
 N - the +0 barding of Infinity (worn) {rF++}
   (You acquired it on level 3 of the Depths)

   rF++:      It greatly protects you from fire.
 O - the +1 cloak of Starlight (worn) {*Dazzle EV+4 Stlth--}
   (You bought it in a shop on level 2 of the Orcish Mines)

   *Dazzle:   It may blind those who miss an attack against the wearer in melee
   combat.
   EV+4:      It affects your evasion (+4).
   Stlth--:   It makes you much less stealthy.
 R - a +5 crystal plate armour of cold resistance (worn)
 S - a +1 kite shield of fire resistance (worn)
 Y - the +1 helmet "Esittiy" (worn) {^Drain rN+++ Str+3}
   (You found it in a Gauntlet)

   Str+3:     It affects your strength (+3).
   rN+++:     It renders you almost immune to negative energy.
   ^Drain:    It drains your maximum health when unequipped.
Jewellery
 o - the ring "Bakisch" {rPois rF+ Str+2}
   (You bought it in a shop in a bazaar)

   [ring of poison resistance]

   Str+2:     It affects your strength (+2).
   rF+:       It protects you from fire.
   rPois:     It protects you from poison.
 r - a ring of the Octopus King (left hand) {rCorr HP+2 AC+2 EV+2 SH+2}
   (You bought it in a shop in a bazaar)

   [ring of resist corrosion]

   AC+2:      It affects your AC (+2).
   EV+2:      It affects your evasion (+2).
   HP+2:      It affects your health (+2).
   rCorr:     It protects you from acid and corrosion.
   SH+2:      It affects your SH (+2).
 P - the necklace of Bloodlust (around neck) {Fury *Rage Will++ Int-3 Slay+6}
   (You found it on level 13 of the Dungeon)

   [amulet of nothing]

   Fury:      It extends the wearer's berserk rage when killing foes.
   Int-3:     It affects your intelligence (-3).
   Slay+6:    It affects your accuracy & damage with ranged weapons and melee
   (+6).
   Will++:    It greatly increases your willpower.
   *Rage:     It berserks you when you make melee attacks (+50% chance).
 U - the ring "Xaku" (right hand) {rElec rPois rC+ Int-5 Dex-2}
   (You took it off a minotaur in a Gauntlet)

   [ring of protection from cold]

   Int-5:     It affects your intelligence (-5).
   Dex-2:     It affects your dexterity (-2).
   rC+:       It protects you from cold.
   rElec:     It insulates you from electricity.
   rPois:     It protects you from poison.
Wands
 l - a wand of digging (20)
 n - a wand of charming (61)
 v - a wand of light (21)
 w - a wand of mindburst (29)
 z - a wand of flame (84)
 M - a wand of roots (67)
Scrolls
 c - 8 scrolls of teleportation
 d - 9 scrolls of vulnerability
 j - 8 scrolls of revelation
 m - 11 scrolls of fear
 t - 2 scrolls of silence
 B - 9 scrolls of immolation
 D - 10 scrolls of fog
 K - 8 scrolls of poison
 Q - 3 scrolls of blinking
 W - a scroll of enchant armour
Potions
 f - 8 potions of enlightenment
 g - 6 potions of berserk rage
 h - 12 potions of brilliance
 i - 5 potions of ambrosia
 k - 10 potions of heal wounds
 u - a potion of mutation
 A - 8 potions of invisibility
 F - 3 potions of attraction
 G - 11 potions of might
 H - 6 potions of haste
 I - 4 potions of cancellation
 J - 4 potions of magic
 L - 5 potions of lignification
 T - 13 potions of curing
 X - 6 potions of resistance
Miscellaneous
 p - a lightning rod (4/4)
 q - a box of beasts
 x - a phantom mirror
 V - a tin of tremorstones (2/2)
 Z - a phial of floods


   Skills:
 + Level 24.2 Fighting
 - Level 18.0 Axes
 + Level 22.8 Armour
 + Level 18.7 Dodging
 - Level 9.2 Shields
 + Level 22.2 Evocations


You had 26 spell levels left.
You didn't know any spells.
Your spell library was empty.

Dungeon Overview and Level Annotations

Branches:
Dungeon (15/15)            Temple (0/1) D:4            Lair (5/5) D:8
  Swamp (4/4) Lair:3       Spider (4/4) Lair:2        Slime (0/5) Lair:4
    Orc (2/2) D:10            Elf (3/3) Orc:2        Vaults (5/5) D:13
  Crypt (0/3) Vaults:3     Depths (4/4) D:15            Zot (5/5) Depths:4
 Bailey (visited)           IceCv (visited)         Volcano (visited)
Gauntlet (visited)

Altars:
Cheibriados
Dithmenos
Elyvilon
Fedhas
Kikubaaqudgha
Makhleb
Okawaru
Qazlal
Sif Muna
Trog
Yredelemnul
Zin
Beogh
Jiyva

Shops:
D:4 [   Orc:2 [[:::   Elf:2 :   Vaults:2 *[!   Vaults:3 (   Vaults:5 !?=
Depths:4 :=:

Portals:
Hell: Depths:1 Depths:2 Depths:3 Depths:4
Abyss: Depths:2 Depths:3
Pandemonium: Depths:1 Depths:2
Ziggurat: Depths:3
Trove: D:12 (give +2 gold dragon scales)

Annotations:
D:8 4 transporters
Vaults:3 4 runed translucent doors
Depths:1 exclusion: orange crystal statue
Zot:2 6 transporters
Zot:3 2 runed translucent doors, Pirukh's ghost, veteran MiFi
Zot:5 exclusions: obsidian statue and 1 more exclusion


Innate Abilities, Weirdness & Mutations

Your serpentine skin is tough. (AC +9)
You have supernaturally acute eyesight. (SInv)
Armour fits poorly on your strangely shaped body.
Your system is resistant to poisons. (rPois)
You cover ground very slowly.
You can spit poison.
You can use your snake-like lower body to constrict enemies.
You are partially covered in iridescent scales. (AC +2)
You are clumsy. (Dex -2)
You are somewhat resistant to further mutation.
You are robust. (+10% HP)
You occasionally shout uncontrollably at your foes.
You occasionally lose the ability to read scrolls when taking damage.


Message History

Trog accepts your kill.
No target in view!
No target in view!
Aiming: Dig
Press: ? - help, Shift-Dir - straight line You can't see that place.
The rock shatters into small pieces.
You feel yourself speed up.
There is an escape hatch in the ceiling here.
A mysterious force pulls you upwards. The hatch slams shut behind you.
What level of the Dungeon? (default 1, ? - help)
A Tiuxkeah, a sixfirhy and a small abomination come into view.
You feel yourself speed up.
The small abomination attacks as it pursues you!
You block the small abomination's attack.
You recover from your berserk rage.
You block the small abomination's attack.
The small abomination attacks as it pursues you!
The small abomination closely misses you.
You block the sixfirhy's attack.
The sixfirhy hits you but does no damage.
The sixfirhy misses you.
An Executioner comes into view.
There is a stone staircase leading up here.
You climb upwards.
There is a stone staircase leading down here.
You slice the sixfirhy like a ripe choko!!!
You kill the sixfirhy!
Trog accepts your kill.
No target in view!
No target in view!
What level of the Dungeon? (default 1, ? - help)
An orange demon comes into view.
You block the orange demon's attack.
There is a stone staircase leading up here.
You climb upwards.
There is a stone staircase leading down here.
Okay, then.
There is a staircase leading out of the dungeon here.
You have escaped!

###.###.# #.#..........#.........
.##..#..# #.......#..#...##......
..##...####........#.##..........
#...#......÷####.......#.###.†...
###.##.###.(#####.####...###.....
.......)......................†..
###.........#####..###...........
............# #####>#...........
#.......)...# #@....#...........
#.##........# #####.#.....>.....
#.##........## #.#'##..###.####
#............## #...###.# #.#
...#..........####.### #.# #.#
#.##............##..## #.###.#
..##........#...###..# #..##.####
.#####.####.......##.# ##.......#
## #..[####.#....#.#####......#


There were no monsters in sight!

Vanquished Creatures
  An ancient lich (Depths:3)
  6 orbs of fire
  3 dread liches
  Mennas (Vaults:3)
  Mara (Spider:3)
  2 juggernauts (Depths:4)
  Vv (Depths:3)
  7 Killer Klowns
  Bai Suzhen (Swamp:3)
  A pandemonium lord (Depths:1)
  the Lernaean hydra (Swamp:4)
  2 caustic shrikes
  3 curse toes (Zot:5)
  13 golden dragons
  The ghost of Ynkabiuw the Metamorph, an adept TrCK of Jiyva (Vaults:3)
  A bone dragon (Abyss:2)
  A Tzitzimitl (D:15)
  2 electric golems (Zot:5)
  2 Brimstone Fiends
  The ghost of contendunt the Acrobat, an adept MiFi of Okawaru (Swamp:4)
  Rupert (Orc:2)
  Jorgrun (Swamp:2)
  3 Hell Sentinels
  3 Ice Fiends
  20 tentacled monstrosities
  6 liches
  A walking earthen tome (Depths:3)
  9 quicksilver dragons
  2 deep elf master archers (Elf:3)
  3 titans (Vaults:5)
  29 Orb Guardians
  2 deep elf blademasters (Elf:3)
  A walking divine tome (Depths:3)
  3 sphinxes
  8 death cobs
  2 Executioners
  A thorn hunter (Swamp:2)
  The ghost of DEFE the Fetichist, an adept CoFi of Trog (Spider:2)
  Donald (Spider:1)
  Agnes (D:15)
  10 tengu reavers
  17 storm dragons
  8 shadow dragons
  2 protean progenitors (Zot:5)
  A fenstrider witch (Swamp:4)
  Roxanne (Elf:2)
  19 vault wardens
  8 frost giants
  14 draconian monks
  11 fire giants
  7 draconian knights
  5 emperor scorpions
  5 iron dragons
  4 ghost moths
  A balrug (Depths:4)
  8 deep elf sorcerers
  8 draconian shifters
  4 draconian stormcallers
  8 draconian scorchers
  6 draconian annihilators
  An orc warlord (Vaults:1)
  17 very ugly things
  A reaper (D:15)
  A formless jellyfish (Vaults:3)
  29 ironbound preservers
  2 ironbound thunderhulks
  17 stone giants
  2 vampire knights
  3 broodmothers
  7 deep elf annihilators
  8 deep elf demonologists
  7 green draconians
  6 eleionomae
  9 deep elf death magi
  9 white draconians
  8 war gargoyles
  14 spark wasps
  12 red draconians
  9 yellow draconians
  Azrael (Orc:2)
  7 dire elephants
  A minotaur (Gauntlet)
  10 bunyips
  16 black draconians
  10 purple draconians
  16 ettins
  2 merfolk impalers (Depths:3)
  17 yaktaur captains
  A shambling mangrove (Swamp:3)
  A crystal guardian (Vaults:4)
  14 fire dragons
  5 entropy weavers
  Harold (D:10)
  3 rakshasas
  Fannar (D:10)
  9 great orbs of eyes
  2 deep elf high priests
  10 ice dragons
  14 hydras
  4 ogre magi
  A jorogumo (Spider:3)
  40 vault guards
  A hell beast (Depths:2)
  5 peacekeepers
  3 spriggan air magi
  A sphinx zombie (D:15)
  12 centaur warriors
  12 two-headed ogres
  13 alligators
  11 ironbound frosthearts
  A ghost crab (Swamp:2)
  2 radroaches (Spider:3)
  5 boulder beetles
  32 dancing weapons
  An orc high priest (Elf:2)
  6 deep troll shamans
  11 death yaks
  5 tengu warriors
  2 demonic crawlers (Spider:3)
  11 deep troll earth magi
  A shock serpent (shapeshifter) (Vaults:5)
  2 occultists (Volcano)
  3 thrashing horrors (Abyss:2)
  A spriggan berserker (Depths:2)
  A spectral emperor scorpion (Spider:2)
  5 sun demons
  19 deep elf knights
  8 skeletal warriors
  2 wretched stars (Abyss:2)
  An iron giant zombie (Abyss:2)
  16 iron trolls
  3 skysharks
  2 salamander mystics (Depths:4)
  A spectral spark wasp (Spider:2)
  Lodul (D:10)
  2 sixfirhies
  A bunyip zombie (Abyss:2)
  77 deep trolls
  6 goliath frogs
  12 orb spiders
  4 pharaoh ants
  A spriggan druid (Lair:3)
  15 swamp dragons
  A swamp dragon (shapeshifter) (Vaults:5)
  A glowing orange brain (shapeshifter) (Vaults:5)
  5 flayed ghosts
  4 glowing orange brains
  8 arcanists
  2 sun moths
  A harpy (Vaults:1)
  9 lindwurms
  A lindwurm (shapeshifter) (Vaults:5)
  15 ironbound convokers
  27 deep elf pyromancers
  2 spectral broodmothers (Spider:2)
  2 phantasmal warriors
  Pikel (D:5)
  18 deep elf archers
  An anaconda skeleton (Abyss:2)
  6 necromancers
  3 steelbarb worms
  10 thermic dynamos
  25 deep elf zephyrmancers
  10 orc knights
  11 orc sorcerers
  41 ugly things
  7 will-o-the-wisps
  17 wolf spiders
  3 manticores
  6 cyclopes
  A moth of wrath (shapeshifter) (Vaults:5)
  30 moths of wrath
  5 salamanders (Depths:4)
  3 meliai (Spider:3)
  Maurice (D:10)
  5 toenail golems (Volcano)
  2 rust devils
  26 elephants
  5 kobold blastminers (Orc:1)
  Joseph (D:7)
  An ice statue (IceCv)
  A black mamba (shapeshifter) (Elf:2)
  2 black mambas (Lair:2)
  A torpor snail (shapeshifter) (Depths:2)
  A smoke demon (Abyss:2)
  18 vault sentinels
  21 cane toads
  A water nymph (shapeshifter) (Vaults:5)
  A molten gargoyle (Orc:1)
  2 hellions (D:15)
  An eye of devastation (shapeshifter) (Depths:3)
  An orange demon (Abyss:2)
  4 torpor snails
  2 gargoyles
  5 unseen horrors
  5 large abominations
  8 rime drakes
  2 efreet
  11 komodo dragons
  19 yaktaurs
  A tormentor (D:15)
  A freezing wraith (Abyss:2)
  2 ice devils
  5 tengu conjurers
  2 red devils
  7 trolls
  26 blink frogs
  A silent spectre (D:13)
  17 polar bears
  2 broodmother simulacra (Spider:2)
  Grinder (D:5)
  A shadow dragon simulacrum (Abyss:2)
  13 hornets
  2 glass eyes
  19 tarantellas
  9 tyrant leeches
  A spriggan zombie (D:15)
  12 dream sheep
  2 centaur simulacra
  39 slime creatures
  9 spriggans
  16 jumping spiders
  A shadow (D:11)
  2 air elementals (Elf:2)
  2 vampires
  Sigmund (D:2)
  A ynoxinul (Abyss:2)
  17 culicivoras
  52 yaks
  4 fire bats (Depths:4)
  A golden eye (Zot:2)
  20 humans
  4 wyverns
  8 water elementals
  5 basilisks
  33 redbacks
  6 fire elementals
  5 neqoxecs
  11 wargs
  18 vampire mosquitoes
  A warg (shapeshifter) (D:15)
  17 swamp worms
  A swamp worm (shapeshifter) (Vaults:2)
  An acid dragon (D:14)
  10 hell hounds
  8 water moccasins
  11 swamp drakes
  28 orc warriors
  8 ice beasts
  3 black bears
  A sky beast (D:7)
  2 laughing skulls (Vaults:3)
  A small abomination (Abyss:2)
  15 boggarts
  55 wolves
  13 centaurs
  13 ogres
  A phantom (D:5)
  4 lemures (D:5)
  Blork the orc (D:6)
  12 bullfrogs
  2 kobold brigands (D:7)
  A scorpion (D:7)
  A gnoll sergeant (D:6)
  An earth elemental (Elf:3)
  10 wights
  8 killer bees (D:10)
  7 howler monkeys
  5 electric eels
  3 bombardier beetles
  A quasit (Abyss:2)
  2 hounds
  18 orc priests
  4 jellies
  3 gnoll boudas
  8 iguanas
  31 orc wizards
  9 hell rats (Lair:3)
  7 adders
  26 gnolls
  A shadow imp (D:8)
  8 white imps
  3 ribbon worms
  3 dart slugs
  86 orcs
  6 ball pythons
  4 endoplasms
  3 giant cockroaches
  8 goblins
  5 hobgoblins
  2 jackals (D:4)
  13 kobolds
  2 quokkas
  A bat (D:2)
  4 frilled lizards
  3 rats
  4 spectral weapons
2273 creatures vanquished.

Vanquished Creatures (collateral kills)
  A tentacled monstrosity (Zot:5)
  2 spectral emperor scorpions (Spider:2)
  A spectral ghost moth (Spider:2)
4 creatures vanquished.

Vanquished Creatures (others)
  An Orb Guardian (Zot:5)
  An ogre mage (D:13)
  2 deep troll earth magi (D:13)
  2 deep elf knights (Elf:3)
  A spectral ghost moth (Spider:2)
  An orb spider (Spider:4)
  A necromancer (Vaults:5)
  A will-o-the-wisp (Swamp:3)
  A moth of wrath (D:13)
  2 bloated husks
  An orc warrior (Vaults:5)
  44 foxfires
58 creatures vanquished.

Grand Total: 2335 creatures vanquished

Notes
Turn   | Place    | Note
-------+----------+-------------------------------------------
     0 | D:1      | MagicSucks the Naga Berserker began the quest for the Orb.
     0 | D:1      | Reached XP level 1. HP: 21/21 MP: 1/1
    77 | D:1      | Reached XP level 2. HP: 28/28 MP: 2/2
   692 | D:2      | Reached XP level 3. HP: 34/34 MP: 3/3
   706 | D:2      | Noticed Sigmund
   713 | D:2      | Killed Sigmund
   714 | D:2      | Reached skill level 4 in Fighting
   714 | D:2      | Reached XP level 4. HP: 37/44 MP: 4/4
   714 | D:2      | Reached XP level 5. HP: 42/50 MP: 5/5
   841 | D:2      | Reached ** piety under Trog
   885 | D:2      | You fall into a shaft and drop 2 floors!
   945 | D:4      | Found a staircase to the Ecumenical Temple.
  1121 | D:2      | Reached skill level 5 in Axes
  1121 | D:2      | Reached XP level 6. HP: 57/57 MP: 6/6
  1726 | D:3      | Found a burning altar of Makhleb.
  2555 | D:4      | Found a glowing silver altar of Zin.
  2630 | D:4      | Found Ubrolej's Armour Boutique.
  2953 | D:4      | Reached XP level 7. HP: 66/66 MP: 7/7
  3059 | D:5      | Entered Level 5 of the Dungeon
  3062 | D:5      | Noticed Grinder
  3074 | D:5      | Killed Grinder
  3288 | D:5      | Reached skill level 5 in Fighting
  3461 | D:5      | Reached XP level 8. HP: 40/74 MP: 8/8
  3946 | D:5      | Identified the +0 leather armour of Dopunamp {SInv}
  3977 | D:5      | Noticed Pikel
  4016 | D:5      | Killed Pikel
  4017 | D:5      | Reached skill level 6 in Fighting
  4551 | D:6      | Noticed Blork the orc
  4776 | D:6      | Reached XP level 9. HP: 68/82 MP: 7/9
  4907 | D:6      | Reached skill level 5 in Armour
  6013 | D:6      | Killed Blork the orc
  6215 | D:7      | Reached skill level 7 in Fighting
  6315 | D:7      | Reached skill level 10 in Axes
  6399 | D:7      | Found a stormy altar of Qazlal.
  6502 | D:7      | Noticed Joseph
  6517 | D:7      | Killed Joseph
  6518 | D:7      | Reached XP level 10. HP: 64/96 MP: 5/10
  7719 | D:8      | Reached skill level 8 in Fighting
  7930 | D:8      | Found a staircase to the Lair.
  8007 | D:8      | Found a transporter.
  8015 | D:8      | Found a transporter.
  8032 | D:8      | Found a transporter.
  8069 | D:8      | Found a transporter.
  8378 | D:8      | Found a basalt altar of Yredelemnul.
  8458 | D:8      | Found a snail-covered altar of Cheibriados.
  8549 | D:9      | HP: 6/141 [troll (10)]
  8709 | D:4      | Bought the +3 robe of Clouds {*Thunder rCloud rElec} for
                  | 415 gold pieces
  8709 | D:4      | Found the +3 robe of Clouds {*Thunder rCloud rElec}
  8960 | D:9      | Reached XP level 11. HP: 99/103 MP: 6/11
  9072 | D:9      | Found an ancient bone altar of Kikubaaqudgha.
  9172 | D:9      | Reached *** piety under Trog
  9541 | D:10     | Entered Level 10 of the Dungeon
  9634 | D:10     | Found a flagged portal.
  9641 | D:10     | Identified the +8 spear "Naod" {drain, Will+ MP+9 Dex+3}
  9645 | Bailey   | Entered a bailey
 10021 | Bailey   | Reached skill level 9 in Fighting
 10021 | Bailey   | Reached skill level 5 in Dodging
 10021 | Bailey   | Reached XP level 12. HP: 92/92 MP: 12/12
 10083 | D:10     | Found a white marble altar of Elyvilon.
 10109 | D:10     | Found the sphere of Battle
 10269 | D:10     | Noticed Maurice
 10271 | D:10     | Found a staircase to the Orcish Mines.
 10275 | D:10     | Killed Maurice
 10414 | D:10     | Noticed Fannar
 10422 | D:10     | Reached skill level 10 in Fighting
 10427 | D:10     | Killed Fannar
 10427 | D:10     | Reached **** piety under Trog
 10531 | D:10     | Noticed Harold
 10541 | D:10     | Killed Harold
 10658 | D:10     | Found a shadowy altar of Dithmenos.
 10735 | D:10     | Found an iron altar of Okawaru.
 10738 | D:10     | Noticed Lodul
 10752 | D:10     | Killed Lodul
 11147 | D:11     | Found a frozen archway.
 11180 | IceCv    | Entered an ice cave
 11612 | IceCv    | Gained mutation: You can use your snake-like lower body to
                  | constrict enemies. [Naga growth]
 11612 | IceCv    | Reached XP level 13. HP: 118/124 MP: 13/13
 11743 | IceCv    | Reached ***** piety under Trog
 11858 | IceCv    | Reached skill level 11 in Fighting
 11864 | IceCv    | Reached skill level 15 in Axes
 12110 | IceCv    | Noticed a frost giant
 12149 | IceCv    | Killed a frost giant
 12668 | D:11     | Reached skill level 1 in Shields
 12974 | Lair:1   | Entered Level 1 of the Lair of Beasts
 13378 | Lair:1   | You fall into a shaft and drop 1 floor!
 13402 | Lair:2   | Found a hole to the Spider Nest.
 13500 | Lair:2   | Found a gate leading to a gauntlet.
 13511 | Gauntlet | Entered a Gauntlet
 13511 | Gauntlet | Found a transporter.
 13511 | Gauntlet | Found a transporter.
 13511 | Gauntlet | Found a transporter.
 13559 | Gauntlet | Found a transporter.
 13560 | Gauntlet | Found a transporter.
 13562 | Gauntlet | Found a large runed translucent door.
 13563 | Gauntlet | Found a large runed translucent door.
 13564 | Gauntlet | Found a large runed translucent door.
 13564 | Gauntlet | Found a large runed translucent door.
 13564 | Gauntlet | Found a runed translucent door.
 13565 | Gauntlet | Found a large runed translucent door.
 13566 | Gauntlet | Found a large runed translucent door.
 13567 | Gauntlet | Found a large runed translucent door.
 13567 | Gauntlet | Found a large runed translucent door.
 13568 | Gauntlet | Found a runed translucent gate.
 13570 | Gauntlet | Found a transporter.
 13574 | Gauntlet | Found a transporter.
 13584 | Gauntlet | Found a transporter.
 13675 | Gauntlet | Found a transporter.
 13677 | Gauntlet | Found a large runed translucent door.
 13678 | Gauntlet | Found a large runed translucent door.
 13679 | Gauntlet | Found a large runed translucent door.
 13679 | Gauntlet | Found a large runed translucent door.
 13679 | Gauntlet | Found a runed translucent door.
 13680 | Gauntlet | Found a large runed translucent door.
 13681 | Gauntlet | Found a large runed translucent door.
 13682 | Gauntlet | Found a large runed translucent door.
 13682 | Gauntlet | Found a large runed translucent door.
 13683 | Gauntlet | Found a runed translucent gate.
 13683 | Gauntlet | Found a runed translucent gate.
 13685 | Gauntlet | Found a transporter.
 13689 | Gauntlet | Found a transporter.
 13699 | Gauntlet | Found a transporter.
 13940 | Gauntlet | Identified the +1 helmet "Esittiy" {^Drain rN+++ Str+3}
 13998 | Gauntlet | Identified the +1 halberd "Globulus" {venom, *Corrode rF++}
 13998 | Gauntlet | Identified the ring "Xaku" {rElec rPois rC+ Int-5 Dex-2}
 13998 | Gauntlet | Noticed a minotaur
 14006 | Gauntlet | Killed a minotaur
 14006 | Gauntlet | Received a gift from Trog
 14007 | Gauntlet | Reached XP level 14. HP: 122/136 MP: 8/14
 14461 | Lair:2   | Reached skill level 12 in Fighting
 15537 | Lair:3   | Reached skill level 10 in Armour
 15829 | Lair:3   | Found a staircase to the Swamp.
 17620 | Lair:4   | Reached skill level 5 in Shields
 17623 | Lair:4   | Received a gift from Trog
 17885 | Lair:4   | Found a viscous altar of Jiyva.
 17886 | Lair:4   | Found a staircase to the Slime Pits.
 18088 | Lair:4   | Reached XP level 15. HP: 132/146 MP: 12/15
 18399 | Lair:5   | Entered Level 5 of the Lair of Beasts
 19018 | Lair:5   | Reached skill level 13 in Fighting
 19714 | Lair:5   | Received a gift from Trog
 21859 | D:12     | Identified the +6 hand axe of Intuition {heavy, Dex+3
                  | Stlth+} (Trog gifted it to you on level 12 of the Dungeon)
 21859 | D:12     | Received a gift from Trog
 21991 | D:12     | Found a portal to a secret trove of treasure.
 22256 | D:13     | Reached XP level 16. HP: 157/157 MP: 14/16
 22285 | D:13     | Found a gate to the Vaults.
 22899 | D:13     | Found a transporter.
 23109 | D:13     | Found a bloodstained altar of Trog.
 23109 | D:13     | Found the necklace of Bloodlust {Fury *Rage Will++ Int-3
                  | Slay+6}
 23346 | D:14     | Received a gift from Trog
 23934 | D:15     | Entered Level 15 of the Dungeon
 23948 | D:15     | Found a staircase to the Depths.
 24062 | D:15     | Noticed Agnes
 24067 | D:15     | HP: 6/158 [poisoned by Agnes]
 24268 | Orc:1    | Entered Level 1 of the Orcish Mines
 24292 | Orc:1    | Reached skill level 14 in Fighting
 24724 | Orc:1    | Found a dark tunnel.
 24730 | Volcano  | Entered a volcano
 25240 | Orc:2    | Entered Level 2 of the Orcish Mines
 25240 | Orc:2    | Found Acouk's Book Shop.
 25282 | Orc:2    | Noticed Azrael
 25291 | Orc:2    | Killed Azrael
 25369 | Orc:2    | Found a staircase to the Elven Halls.
 25473 | Orc:2    | Reached ****** piety under Trog
 25473 | Orc:2    | Received a gift from Trog
 25548 | Orc:2    | Found a roughly hewn altar of Beogh.
 25772 | Orc:2    | Noticed Rupert
 25776 | Orc:2    | Paralysed by Rupert for 4 turns
 25785 | Orc:2    | Killed Rupert
 25827 | Orc:2    | Found Erphe's Book Emporium.
 25845 | Orc:2    | Found Kichoy's Book Shoppe.
 26002 | Orc:2    | Found Raiczor's Antique Armour Emporium.
 26139 | Orc:2    | Found Gamuz's Antique Armour Shoppe.
 26205 | Orc:2    | Bought a pair of slimy gloves for 247 gold pieces
 26205 | Orc:2    | Identified the +1 pair of gloves "Geydeym" {rPois rC+} (You
                  | bought it in a shop on level 2 of the Orcish Mines)
 26205 | Orc:2    | Bought the +1 cloak of Starlight {*Dazzle EV+4 Stlth--} for
                  | 793 gold pieces
 26205 | Orc:2    | Found the +1 cloak of Starlight {*Dazzle EV+4 Stlth--}
 26482 | D:15     | Found a shadowy altar of Dithmenos.
 26557 | D:15     | Reached XP level 17. HP: 163/168 MP: 17/17
 26703 | D:15     | Killed Agnes
 27346 | Swamp:1  | Entered Level 1 of the Swamp
 28049 | Swamp:2  | Identified the +1 morningstar of Oroeqiq {flame, +Blink
                  | MP-9 Dex+3} (Trog gifted it to you on level 2 of the Swamp)
 28049 | Swamp:2  | Received a gift from Trog
 28244 | Swamp:2  | Noticed Jorgrun
 28264 | Swamp:2  | Killed Jorgrun
 28265 | Swamp:2  | Reached skill level 1 in Evocations
 28452 | Swamp:2  | Noticed a tentacled monstrosity
 28470 | Swamp:2  | Killed a tentacled monstrosity
 28609 | Swamp:2  | Reached skill level 15 in Fighting
 28954 | Swamp:3  | Noticed Bai Suzhen
 28980 | Swamp:3  | Killed Bai Suzhen
 29083 | Swamp:3  | Reached skill level 15 in Armour
 29502 | Swamp:4  | Entered Level 4 of the Swamp
 29830 | D:13     | Reached XP level 18. HP: 178/178 MP: 18/18
 29831 | D:13     | Reached XP level 19. HP: 186/186 MP: 19/19
 29833 | D:13     | Found a transporter.
 29833 | D:13     | Found a runed translucent door.
 29842 | D:13     | Reached skill level 5 in Evocations
 29842 | D:13     | Reached XP level 20. HP: 195/195 MP: 20/20
 30043 | D:13     | Identified the +8 plate armour of Boredom {rC- Str+4 Int+2
                  | Dex+2}
 30429 | Spider:1 | Entered Level 1 of the Spider Nest
 30648 | Spider:1 | Noticed Donald
 31056 | Spider:1 | Killed Donald
 31563 | Spider:2 | Received a gift from Trog
 31940 | Spider:2 | Found a runed translucent gate.
 31940 | Spider:2 | Found a runed translucent gate.
 31941 | Spider:2 | Found a runed translucent gate.
 31943 | Spider:2 | Noticed DEFE's ghost (adept CoFi)
 32422 | Spider:2 | Killed DEFE's ghost
 32573 | Spider:3 | Reached skill level 16 in Fighting
 32991 | Spider:3 | Received a gift from Trog
 33890 | Spider:4 | Entered Level 4 of the Spider Nest
 34171 | Spider:4 | Noticed Mara
 34381 | Spider:4 | Noticed MagicSucks's illusion
 34395 | Spider:3 | Killed Mara
 35524 | Spider:4 | Reached skill level 10 in Dodging
 35526 | Spider:4 | Reached XP level 21. HP: 206/206 MP: 21/21
 35561 | Spider:4 | Got a gossamer rune of Zot
 36043 | Swamp:4  | Found a large runed translucent door.
 36044 | Swamp:4  | Found a large runed translucent door.
 36113 | Swamp:4  | Noticed contendunt's ghost (adept MiFi)
 36132 | Swamp:4  | Killed contendunt's ghost
 36334 | Swamp:4  | Noticed the 27-headed Lernaean hydra
 36620 | Swamp:4  | Killed the 21-headed Lernaean hydra
 37159 | Swamp:4  | Got a decaying rune of Zot
 37520 | Vaults:1 | Entered Level 1 of the Vaults
 37530 | Vaults:1 | Received a gift from Trog
 38207 | Vaults:1 | Reached skill level 17 in Fighting
 38351 | Vaults:1 | Received a gift from Trog
 39536 | Vaults:2 | Received a gift from Trog
 39622 | Vaults:2 | Found Ugann's Antique Armour Shop.
 39662 | Vaults:2 | Found Zocva's Distillery.
 39666 | Vaults:2 | Bought a potion of heal wounds for 80 gold pieces
 39666 | Vaults:2 | Bought a potion of heal wounds for 80 gold pieces
 39666 | Vaults:2 | Bought a potion of curing for 48 gold pieces
 39666 | Vaults:2 | Bought a potion of curing for 48 gold pieces
 39666 | Vaults:2 | Bought 2 potions of invisibility for 256 gold pieces
 39666 | Vaults:2 | Bought a potion of cancellation for 128 gold pieces
 39666 | Vaults:2 | Bought a potion of curing for 48 gold pieces
 39666 | Vaults:2 | Bought a potion of might for 64 gold pieces
 39666 | Vaults:2 | Bought a potion of resistance for 160 gold pieces
 39720 | Vaults:2 | Reached skill level 10 in Evocations
 39721 | Vaults:2 | Reached XP level 22. HP: 218/218 MP: 22/22
 39954 | Vaults:2 | You fall into a shaft and drop 1 floor!
 40096 | Vaults:3 | Received a gift from Trog
 40126 | Vaults:3 | Found Naogup's Weapon Shoppe.
 40582 | Vaults:3 | Noticed Mennas
 40596 | Vaults:3 | Killed Mennas
 40781 | Vaults:3 | Found a large runed translucent door.
 40782 | Vaults:3 | Found a large runed translucent door.
 40782 | Vaults:3 | Found a large runed translucent door.
 40782 | Vaults:3 | Found a large runed translucent door.
 40782 | Vaults:3 | Found a large runed translucent door.
 40782 | Vaults:3 | Found a large runed translucent door.
 40782 | Vaults:3 | Noticed Ynkabiuw's ghost (adept TrCK)
 40785 | Vaults:3 | Found a large runed translucent door.
 40785 | Vaults:3 | Found a large runed translucent door.
 40812 | Vaults:3 | Found a staircase to the Crypt.
 40957 | Vaults:3 | Reached skill level 18 in Fighting
 41314 | Vaults:3 | Killed Ynkabiuw's ghost
 41535 | Vaults:2 | Found Zyeproc's General Store.
 41538 | Vaults:2 | Bought a scroll of enchant armour for 127 gold pieces
 42275 | Vaults:4 | Received a gift from Trog
 42298 | Vaults:4 | Found a flickering gateway to a bazaar.
 42323 | Bazaar   | Entered a bazaar
 42325 | Bazaar   | Found Neiseq's Book Shoppe.
 42333 | Bazaar   | Found Binyavy's Jewellery Boutique.
 42374 | Bazaar   | Found Koas's Jewellery Emporium.
 42382 | Bazaar   | Found Uling's Weapon Shop.
 42444 | Bazaar   | Bought the ring "Bakisch" {rPois rF+ Str+2} for 267 gold
                  | pieces
 42475 | Bazaar   | Bought a ring of the Octopus King {rCorr HP+2 AC+2 EV+2
                  | SH+2} for 564 gold pieces
 42475 | Bazaar   | Found the ring of the Octopus King {rCorr HP+2 AC+2 EV+2
                  | SH+2}
 43415 | Vaults:4 | Received a gift from Trog
 43416 | Vaults:4 | Reached XP level 23. HP: 230/230 MP: 23/23
 44137 | Vaults:3 | Identified the amulet "Duczefri" {rC+ Regen+ MP+9}
 44440 | Elf:1    | Entered Level 1 of the Elven Halls
 44753 | Elf:1    | Received a gift from Trog
 45601 | Elf:2    | Noticed Roxanne
 45610 | Elf:2    | Killed Roxanne
 45680 | Elf:2    | Found Cemaz's Book Shoppe.
 45862 | Elf:2    | Reached skill level 19 in Fighting
 45975 | Elf:2    | Found a huge runed translucent gate.
 45975 | Elf:2    | Found a huge runed translucent gate.
 45975 | Elf:2    | Found a huge runed translucent gate.
 45975 | Elf:2    | Found a huge runed translucent gate.
 45980 | Elf:2    | Found a huge runed translucent gate.
 46509 | Elf:2    | Received a gift from Trog
 46597 | Elf:2    | Identified the blade talisman of Okawaru's Hatred {rF++ rN+
                  | Int+3 Dex-5}
 46698 | Abyss:2  | Cast into level 2 of the Abyss (+6 bardiche of distortion)
 46763 | Abyss:2  | Found a sparkling altar of Nemelex Xobeh.
 46884 | Abyss:2  | Found a corrupted altar of Lugonu.
 46977 | Abyss:2  | Lost intelligence.
 46996 | Elf:2    | Escaped the Abyss
 47459 | Elf:3    | Entered Level 3 of the Elven Halls
 47928 | Elf:3    | Received a gift from Trog
 47984 | Elf:3    | Identified the +8 mace of the Big Fish {holy, Int+5}
 47986 | Elf:3    | Identified the +9 quarterstaff of Woliaj {freeze, ^Contam
                  | rElec Will+ rCorr}
 48005 | Elf:3    | Reached XP level 24. HP: 242/242 MP: 23/23
 48151 | Elf:3    | Found a shimmering blue altar of Sif Muna.
 48524 | Elf:3    | Identified the +10 arbalest of the Onslaught {drain, rC+}
 48559 | Elf:3    | Received a gift from Trog
 48566 | Elf:3    | Identified the staff of Eclanuw {rF+ rN+ Str+2 Necro}
 48594 | Elf:3    | Identified the staff "Anefoluurr" {^Drain rC+ rN+ Will++
                  | Int-5 Dex+2 Necro}
 48601 | Elf:3    | Identified the +4 morningstar of Gozag's Brutal Revenge
                  | {spect, Str+2 Int+4}
 48715 | Elf:2    | Paralysed by an air elemental for 1 turns
 48722 | Elf:2    | Paralysed by an air elemental for 1 turns
 48924 | Depths:1 | Entered Level 1 of the Depths
 49076 | Depths:1 | Received a gift from Trog
 49193 | Depths:1 | Found a gateway to Hell.
 49226 | Depths:1 | Reached skill level 20 in Fighting
 49243 | Depths:1 | Noticed a caustic shrike
 49244 | Depths:1 | Found a runed translucent door.
 49281 | Depths:1 | Found a one-way gate leading to the halls of Pandemonium.
 49759 | Depths:1 | Reached skill level 15 in Evocations
 50176 | Depths:1 | Killed a caustic shrike
 50225 | Depths:1 | Identified the staff of Doubt {rElec rPois Int-2 Stlth+
                  | Fire Air}
 50333 | Depths:2 | Received a gift from Trog
 50771 | Depths:2 | Noticed a caustic shrike
 50783 | Depths:2 | Killed a caustic shrike
 51141 | Depths:2 | Found a one-way gate to the infinite horrors of the Abyss.
 51179 | Depths:3 | Noticed Vv
 51179 | Depths:3 | Identified a scroll of acquirement
 51195 | Depths:3 | Reached XP level 25. HP: 254/254 MP: 23/23
 51197 | Depths:3 | Killed Vv
 51243 | Depths:3 | Acquired the +0 barding of Infinity {rF++}
 51447 | Depths:3 | Found a one-way gateway to a ziggurat.
 51447 | Depths:3 | Noticed a dread lich
 51447 | Depths:3 | Noticed an ancient lich
 51470 | Depths:3 | Received a gift from Trog
 51492 | Depths:3 | Killed a dread lich
 51498 | Depths:3 | Killed an ancient lich
 51622 | Depths:3 | Found a blossoming altar of Fedhas.
 51754 | Depths:3 | Reached skill level 15 in Dodging
 51830 | Depths:3 | Received a gift from Trog
 51879 | Depths:3 | Identified the ring of the Harvest {Wiz rF+ Dex+3}
 51936 | Depths:3 | Identified the +5 long sword "Giantbane" {drain, rCorr
                  | Str+2}
 51941 | Depths:3 | Identified the staff of the Shallot {rElec Str+5 Int-3
                  | Stlth+ Air}
 52155 | Depths:4 | Entered Level 4 of the Depths
 52155 | Depths:4 | Noticed a juggernaut
 52167 | Depths:4 | Noticed a juggernaut
 52177 | Depths:4 | Killed a juggernaut
 52183 | Depths:4 | Killed a juggernaut
 52195 | Depths:4 | Reached skill level 21 in Fighting
 52402 | Depths:4 | Found a gate to the Realm of Zot.
 52494 | Depths:4 | Identified the +1 demon blade of the Battered Knives {vamp,
                  | rCorr}
 52587 | Depths:4 | Received a gift from Trog
 52705 | Depths:4 | Identified the +2 robe of Integrity {rPois Int-3 Dex+8}
 52926 | Depths:4 | Reached XP level 26. HP: 266/266 MP: 23/23
 53311 | Depths:4 | Found Jorgh's Book Shop.
 53311 | Depths:4 | Found Yvaonuth's Jewellery Shoppe.
 53312 | Depths:4 | Found Asotweypt's Book Shop.
 53623 | Vaults:5 | Entered Level 5 of the Vaults
 53632 | Vaults:5 | Noticed a dread lich
 53700 | Vaults:5 | Received a gift from Trog
 53702 | Vaults:5 | Killed a dread lich
 54038 | Vaults:5 | Found Liuzyam's Jewellery Shoppe.
 54155 | Vaults:5 | Got a silver rune of Zot
 54163 | Vaults:5 | Found Iled's Distillery.
 54167 | Vaults:5 | Bought a potion of curing for 69 gold pieces
 54167 | Vaults:5 | Bought a potion of haste for 230 gold pieces
 54167 | Vaults:5 | Bought a potion of ambrosia for 184 gold pieces
 54377 | Vaults:5 | Reached skill level 22 in Fighting
 54385 | Vaults:5 | Received a gift from Trog
 54824 | Vaults:5 | Identified the +3 halberd "Muagys" {heavy, Fly rF+}
 54918 | Vaults:5 | Identified the +0 robe of Ashenzari {Dex+7 Stlth-}
 55298 | Vaults:5 | Found Taiten's Magic Scroll Shoppe.
 55306 | Vaults:5 | Bought a scroll of fear for 80 gold pieces
 55306 | Vaults:5 | Bought a scroll of teleportation for 60 gold pieces
 55306 | Vaults:5 | Bought a scroll of blinking for 150 gold pieces
 55803 | Zot:1    | Entered Level 1 of the Realm of Zot
 55815 | Zot:1    | You fall into a shaft and drop 1 floor!
 55848 | Zot:2    | Reached XP level 27. HP: 244/277 MP: 23/23
 55877 | Zot:1    | Received a gift from Trog
 56554 | Zot:2    | Found a transporter.
 56555 | Zot:2    | Found a transporter.
 56915 | Zot:2    | Found a shimmering blue altar of Sif Muna.
 56931 | Zot:2    | Found a shimmering blue altar of Sif Muna.
 56992 | Zot:2    | Noticed an orb of fire
 57004 | Zot:2    | Gained mutation: You are vulnerable to heat. (rF-) [an orb
                  | of fire]
 57007 | Zot:2    | Killed an orb of fire
 57042 | Zot:2    | Lost mutation: You are vulnerable to heat. (rF-) [potion of
                  | mutation]
 57042 | Zot:2    | Gained mutation: Your flesh is heat resistant. (rF+)
                  | [potion of mutation]
 57042 | Zot:2    | Gained mutation: You are weak. (Str -2) [potion of
                  | mutation]
 57367 | Zot:2    | Found a transporter.
 57381 | Zot:2    | Found a transporter.
 57382 | Zot:2    | Found a transporter.
 57425 | Zot:2    | Found a transporter.
 57791 | Zot:3    | Received a gift from Trog
 57926 | Zot:3    | Found a large runed translucent door.
 57926 | Zot:3    | Found a large runed translucent door.
 57927 | Zot:3    | Noticed Pirukh's ghost (veteran MiFi)
 58686 | Zot:4    | Reached skill level 23 in Fighting
 58921 | Zot:4    | Received a gift from Trog
 59571 | Zot:5    | Entered Level 5 of the Realm of Zot
 60901 | Zot:5    | Noticed an orb of fire
 60903 | Zot:5    | Noticed a dread lich
 60903 | Zot:5    | Noticed an orb of fire
 60905 | Zot:5    | Noticed an orb of fire
 60908 | Zot:5    | Noticed an orb of fire
 60913 | Zot:5    | Noticed an orb of fire
 60926 | Zot:5    | Gained mutation: Your magical capacity is low. (-10% MP)
                  | [an orb of fire]
 60927 | Zot:5    | Gained mutation: You sometimes lose your temper in combat.
                  | [an orb of fire]
 60928 | Zot:5    | Killed an orb of fire
 60934 | Zot:5    | Gained mutation: You occasionally lose the ability to drink
                  | potions when taking damage. [an orb of fire]
 60937 | Zot:5    | Killed an orb of fire
 60937 | Zot:5    | Gained mutation: You have an uncontrollable temper. [an orb
                  | of fire]
 60937 | Zot:5    | Gained mutation: Your spells are a little easier to cast,
                  | but a little less powerful. [an orb of fire]
 60938 | Zot:5    | Gained mutation: Your body sometimes deteriorates upon
                  | taking damage. [an orb of fire]
 61129 | Zot:4    | Lost mutation: You have an uncontrollable temper. [potion
                  | of mutation]
 61129 | Zot:4    | Lost mutation: You occasionally lose the ability to drink
                  | potions when taking damage. [potion of mutation]
 61129 | Zot:4    | Gained mutation: You are strong-willed. (Will+) [potion of
                  | mutation]
 61130 | Zot:4    | Lost mutation: Your flesh is heat resistant. (rF+) [potion
                  | of mutation]
 61130 | Zot:4    | Lost mutation: You sometimes lose your temper in combat.
                  | [potion of mutation]
 61130 | Zot:4    | Gained mutation: You are robust. (+10% HP) [potion of
                  | mutation]
 61131 | Zot:4    | Lost mutation: You are weak. (Str -2) [potion of mutation]
 61131 | Zot:4    | Lost mutation: Your body sometimes deteriorates upon taking
                  | damage. [potion of mutation]
 61131 | Zot:4    | Lost mutation: Your spells are a little easier to cast, but
                  | a little less powerful. [potion of mutation]
 61131 | Zot:4    | Gained mutation: You are clumsy. (Dex -2) [potion of
                  | mutation]
 61131 | Zot:4    | Gained mutation: Your health recovers twice as slowly from
                  | being drained. [potion of mutation]
 61131 | Zot:4    | Gained mutation: You have a pair of small horns on your
                  | head. [potion of mutation]
 61132 | Zot:4    | Lost mutation: Your magical capacity is low. (-10% MP)
                  | [potion of mutation]
 61132 | Zot:4    | Lost mutation: Your health recovers twice as slowly from
                  | being drained. [potion of mutation]
 61132 | Zot:4    | Lost mutation: You are strong-willed. (Will+) [potion of
                  | mutation]
 61132 | Zot:4    | Gained mutation: You occasionally shout uncontrollably at
                  | your foes. [potion of mutation]
 61133 | Zot:4    | Lost mutation: You have a pair of small horns on your head.
                  | [potion of mutation]
 61133 | Zot:4    | Lost mutation: You are robust. (+10% HP) [potion of
                  | mutation]
 61133 | Zot:4    | Gained mutation: You are robust. (+10% HP) [potion of
                  | mutation]
 61133 | Zot:4    | Gained mutation: You are partially covered in iridescent
                  | scales. (AC +2) [potion of mutation]
 61133 | Zot:4    | Gained mutation: You are somewhat resistant to further
                  | mutation. [potion of mutation]
 61184 | Zot:5    | Gained mutation: You occasionally lose the ability to read
                  | scrolls when taking damage. [an orb of fire]
 61202 | Zot:4    | Killed an orb of fire
 61219 | Zot:4    | Killed an orb of fire
 61406 | Zot:4    | Killed a dread lich
 61439 | Zot:4    | Killed an orb of fire
 61842 | Zot:5    | Received a gift from Trog
 62590 | Zot:5    | Reached skill level 24 in Fighting
 62718 | Zot:5    | Got the Orb of Zot
 63056 | Depths:2 | Noticed Lisius the pandemonium lord
 63075 | Depths:1 | Noticed Qeepreygi the pandemonium lord
 63088 | Depths:1 | Killed Qeepreygi the pandemonium lord
 63181 | D:14     | Noticed Ecketuf the pandemonium lord
 63266 | D:15     | Received a gift from Trog
 63489 | D:7      | Noticed Ine Gyich the pandemonium lord
 63561 | D:3      | Noticed Tiuxkeah the pandemonium lord
 63587 | D:$      | Escaped with the Orb!

Illustrated notes

Levels and vault maps discovered:
D:1:      amcnicky_arrival_choice, layout_rooms
D:2:      layout_loops_cross, chequers_serial_rivers_large_a, uniq_sigmund
D:3:      layout_basic, lemuel_round_altar
D:4:      layout_loops_corners, zin_scriptorium, minmay_temple_entry_wispy,
          serial_shops, nicolae_shop_waterfront, serial_bayou_pond_b
D:5:      layout_basic, minmay_diced_spiral, uniq_grinder, uniq_pikel
D:6:      layout_cave_pools, nicolae_titane, uniq_blork_the_orc
D:7:      layout_rooms, overflow_temple_1_default, uniq_joseph
D:8:      layout_rooms, slow_altar_2, lemuel_coloured_pillars_altar,
          hellmonk_lair_entry_icy, nicolae_transporter_intersection
D:9:      layout_roguey, mainiacjoe_overflow_six_doors_small
D:10:     layout_roguey, elyvilon_altar_1, okawaru_gym_becter,
          mainiacjoe_overflow_alcove_2, david_orc_2, enter_bailey_2,
          hellmonk_guarded_unrand_sphere_of_battle, uniq_harold, uniq_maurice,
          uniq_fannar, uniq_lodul
D:11:     layout_rooms, serial_ice, serial_ice_l, serial_ice_e, serial_ice_d,
          serial_ice_a, portal_ice_cave_entry_animals_and_master
D:12:     layout_roguey, enter_trove_6, minmay_fractal_squares_5
D:13:     emtedronai_trogs_sanctum, layout_basic, grunt_vaults_entry_tiered
D:14:     layout_irregular_city, chequers_big_river
D:15:     gammafunk_depths_entry_grave, layout_loops_ring,
          nicolae_dithmenos_the_darkroom, serial_bayou_pond_e, fountainhead,
          serial_library_regret_index_split_case, uniq_agnes
Lair:1:   layout_roguey
Lair:2:   layout_cave_pods, spider_nest_entry_funnel_web,
          gauntlet_entry_generic, grunt_megastairs_4, serial_bayou_shore_b,
          serial_bayou_shore_a
Lair:3:   layout_gridlike, palyth_hydra_swamp_entry, st_stairs_5
Lair:4:   layout_cave_pods, slime_entry_1, forest_entry_grove
Lair:5:   minmay_lair_end_frog_pond, layout_layer_cave
Swamp:1:  layout_falls_marsh, infiniplex_staircase_pool_2, swamp_pool_5
Swamp:2:  layout_basic_swamp, evilmike_swamp_ruin_house_6, swamp_pool_1_2,
          nicolae_swamp_frolicking_bunyips, uniq_jorgrun
Swamp:3:  layout_basic_swamp, evilmike_swamp_ruin_house_1,
          infiniplex_staircase_pool, uniq_bai_suzhen
Swamp:4:  swamp_old_school, layout_basic_swamp, ebering_ghost_disaster_area
Spider:1: layout_spider_delve, drop_trap, uniq_donald
Spider:2: layout_spider_delve, gammafunk_ghost_necromancy,
          hellmonk_narrow_tunnel
Spider:3: layout_spider_delve, nicolae_orb_stairs
Spider:4: spider_rune_water, uniq_mara
Orc:1:    layout_diamond_mine, enter_volcano_3, nicolae_orc_lava_tube
Orc:2:    st_orc_town, layout_diamond_mine, serial_shops, shop, uniq_rupert,
          uniq_azrael
Elf:1:    layout_gridlike, minmay_elf_demonology, st_stairs_11
Elf:2:    elven_hall_of_blades_hangedman_alternative
          [nicolae_blade_entry_antechamber], layout_onion_city, serial_shops,
          nicolae_book_shop_shelving, uniq_roxanne
Elf:3:    grunt_elf_hall_asides, layout_geoelf_grid, basic_altar,
          dreamdust_mushroom_princess, nicolae_elf_big_sculpture_1
Vaults:1: v_misc_19, nicolae_vaults_tangram_1, nicolae_vaults_sealed_display,
          v_misc_29, nicolae_vaults_frosty_reception, v_misc_27,
          nicolae_vaults_ring_of_whatevers, vaults_room_pools,
          dpeg_vaults_monster_box, nicolae_vaults_yaktaur_gun_rack,
          layout_vaults_omnigrid
Vaults:2: v_alt_pattern_4, nicolae_vaults_weapon_check,
          nicolae_vaults_diagonal_hallway_7, v_misc_27,
          nicolae_vaults_diamond_2, nicolae_vaults_oval_intersection,
          vaults_room_hallway, grunt_vaults_diagonal,
          hangedman_vaults_hard_town_square, v_misc_3,
          nicolae_vaults_angled_halls, nicolae_vaults_tangram_1,
          nicolae_vaults_rhombus_5, nicolae_vaults_sightless_eye,
          nicolae_vaults_sesquioval_fish, layout_vaults_omnibox, serial_shops,
          nicolae_shop_behind_doors, nicolae_shop_pleasant_corner_grove,
          nicolae_shop_overgrown_old_shop
Vaults:3: advil_vaults_ghost_lines, v_rooms_6, v_pattern_5,
          minmay_crypt_entry_simple_box, nicolae_vaults_more_shelving_2,
          ontoclasm_vaults_loading_screen, nicolae_vaults_more_shelving_1,
          v_misc_8, nicolae_vaults_house_2, nicolae_vaults_specimen_jars,
          nicolae_vaults_storage_closets_3, nicolae_vaults_tetromino_Z_2,
          layout_vaults_ring, serial_shops, nicolae_shop_mannequins, uniq_mennas
Vaults:4: gargoyle_guard, vaults_room_door_hall, vaults_room_pools,
          nicolae_vaults_ring_of_whatevers, v_misc_11, v_rooms_1,
          nicolae_vaults_little_squares_5, nicolae_vaults_tetromino_Z_1,
          v_misc_32, nicolae_vaults_offset_grid_hallway_4,
          serial_library_hellmonk_reading_circle, vaults_mumra_hex,
          layout_vaults_big_room, serial_shops, bzr_entry_safe
Vaults:5
Depths:1: minmay_gate_of_8, layout_basic, kennysheep_donut, pan_entry,
          hell_entry, nicolae_eternal_life, minivault_16, minmay_microvault
Depths:2: minmay_slanted_spiral_squares, layout_cave_pools,
          minmay_staircase_statues, hell_entry, grunt_pan_entry_in_and_out,
          abyss_entry_crystal
Depths:3: minmay_triangles_in_corner, layout_cave_pools, enter_ziggurat_c,
          hangedman_abyss_entry_splay, fedhas_altar_3, hell_entry, uniq_vv
Depths:4: regret_index_infernal_bastille, layout_cave_pools,
          nicolae_twisting_strands, hell_entry, dk_noncrumbling_2,
          minmay_shop_grove
Zot:1:    layout_cellular_growth,
          regret_index_zotdec_abyssal_contain_seething_sorcery
Zot:2:    layout_concentric_octagons, regret_index_zotdec_magical_s,
          serial_nicolae_subway, nicolae_sub_station_metal,
          nicolae_sub_station_stone, nicolae_sub_station_crystal
Zot:3:    layout_misc_corridors, ebering_ghost_disaster_area
Zot:4:    layout_onion, grunt_megastairs_5
Zot:5:    layout_gridville, grunt_ministairs_3

Skill      XL: |  1  2  3  4  5  6  7  8  9 10 11 12 13 14 15 16 17 18 19 20 21 22 23 24 25 26 27 |
---------------+----------------------------------------------------------------------------------+-----
Fighting       | 4 5 6 7 8 9 10 11 12 13 14 15 16 17 18 19 20 21 22 24 | 24.2
Axes           | 4 5 6 8 10 11 13 14 15 16 17 18 | 18.0
Armour         | 2 3 4 6 7 9 11 12 13 15 16 17 18 19 20 21 22 | 22.8
Dodging        | 2 5 7 8 10 11 12 13 14 15 16 18 | 18.7
Shields        | 2 5 7 8 9 |  9.2
Evocations     | 4 5 7 10 11 13 16 18 20 22 | 22.2

Action                     |  1- 3 |  4- 6 |  7- 9 | 10-12 | 13-15 | 16-18 | 19-21 | 22-24 | 25-27 || total
---------------------------+-------+-------+-------+-------+-------+-------+-------+-------+-------++-------
  Melee: Hand axe          |    48 |    13 |    20 |       |       |       |       |       |       ||    81
         Whip              |       |   118 |   228 |       |       |       |       |       |       ||   346
         Battleaxe         |       |       |    54 |   299 |   537 |       |       |       |       ||   890
         Constrict         |       |       |       |       |   134 |   140 |   181 |   269 |   291 ||  1015
         Morningstar       |       |       |       |       |    17 |       |       |       |       ||    17
         Broad axe         |       |       |       |       |    95 |   785 |   842 |  1373 |  1984 ||  5079
 Invoke: Berserk           |     2 |     2 |    11 |    11 |     9 |    11 |     6 |     3 |     9 ||    64
         Trog's Hand       |       |       |     2 |     4 |     4 |     4 |     2 |     1 |    12 ||    29
         Brothers in Arms  |       |       |       |       |       |       |     1 |       |     2 ||     3
Ability: Spit Poison       |    11 |       |       |       |       |     1 |       |       |       ||    12
         Begin Untransform |       |       |       |       |       |       |       |     1 |       ||     1
  Evoke: Wand              |       |       |     6 |     3 |       |     4 |     2 |     1 |     5 ||    21
         Box of beasts     |       |       |       |       |       |       |     2 |       |     1 ||     3
         Tin of tremorston |       |       |       |       |       |       |     2 |       |       ||     2
    Use: Scroll            |       |       |    12 |    10 |    15 |     7 |     6 |     9 |    11 ||    70
         Potion            |       |       |     1 |     3 |     2 |     4 |     1 |     3 |    24 ||    38
   Stab: Invisible         |       |       |       |     1 |       |     7 |     7 |    13 |    18 ||    46
         Sleeping          |       |       |       |     3 |       |       |       |       |       ||     3
         Distracted        |       |       |       |       |       |       |     1 |     1 |       ||     2
 Armour: Animal skin       |    29 |     1 |       |       |       |       |       |       |       ||    30
         Ring mail         |       |    91 |   306 |    56 |       |       |       |       |       ||   453
         Plate armour      |       |       |       |    83 |       |       |       |       |       ||    83
         Skin              |       |       |       |    16 |       |       |       |       |       ||    16
         Robe              |       |       |       |   169 |   680 |   253 |       |       |       ||  1102
         Crystal plate arm |       |       |       |       |       |   449 |   809 |  1126 |  2286 ||  4670
  Dodge: Dodged            |    21 |    52 |   129 |   145 |   345 |   197 |   287 |   374 |   784 ||  2334
  Block: Kite shield       |       |       |       |       |    50 |   364 |   462 |   586 |  1071 ||  2533
   Form: Statue            |       |       |       |       |       |       |       |     1 |       ||     1

Table legend: (Time is in decaauts)
 A = Elapsed time spent in this place.
 B = Non-inter-level travel time spent in this place.
 C = Inter-level travel time spent in this place.
 D = Time resting spent in this place.
 E = Time spent auto-exploring this place.
 F = Levels seen in this place.
 G = Mean time per level.
                   A        B        C        D        E       F      G
               +--------+--------+--------+--------+--------+-----+--------+
         Total |  78580 |  72257 |   6323 |  11870 |  46169 |  53 | 1482.6 |
       Dungeon |  21832 |  18833 |   2999 |   2311 |  13050 |  15 | 1455.5 |
          Lair |   9599 |   8924 |    675 |   1063 |   6506 |   5 | 1919.8 |
         Swamp |   4455 |   4169 |    286 |    721 |   2604 |   4 | 1113.8 |
   Spider Nest |   6093 |   5735 |    358 |   1383 |   3347 |   4 | 1523.2 |
  Orcish Mines |   2293 |   2028 |    265 |     12 |   1402 |   2 | 1146.5 |
   Elven Halls |   5116 |   4888 |    228 |    588 |   3325 |   3 | 1705.3 |
        Vaults |  10899 |  10115 |    784 |   2158 |   6120 |   5 | 2179.8 |
        Depths |   6250 |   5799 |    451 |    799 |   3641 |   4 | 1562.5 |
           Zot |   8354 |   8081 |    273 |   2398 |   4084 |   5 | 1670.8 |
         Abyss |    406 |    406 |      0 |      0 |    181 |   1 |  406.0 |
        Bazaar |    229 |    229 |      0 |      0 |    131 |   1 |  229.0 |
        Bailey |    461 |    461 |      0 |     13 |    345 |   1 |  461.0 |
      Ice Cave |   1345 |   1345 |      0 |    185 |    855 |   1 | 1345.0 |
       Volcano |    423 |    423 |      0 |      0 |    310 |   1 |  423.0 |
      Gauntlet |    817 |    817 |      0 |    235 |    261 |   1 |  817.0 |
               +--------+--------+--------+--------+--------+-----+--------+

Top non-repeatable levels by time:
  Lair:5: 2804 daAuts
   Zot:5: 2723 daAuts
Vaults:4: 2461 daAuts
Vaults:1: 2377 daAuts
  Lair:2: 2376 daAuts
  Lair:3: 2373 daAuts
   Elf:2: 2306 daAuts
Vaults:3: 2265 daAuts
   Zot:4: 2242 daAuts
     D:5: 2075 daAuts
    D:13: 2065 daAuts
Vaults:5: 2006 daAuts
    D:10: 1997 daAuts
Spider:2: 1949 daAuts
Depths:1: 1921 daAuts
